 Dungeon Crawl Stone Soup version 0.24.0-37-gcf1ca852f1 (webtiles) character file.

Game seed: 2227682898993677968, levelgen mode: deterministic

93 Descartes the Skirmisher (level 4, -2/37 HPs)
             Began as a Formicid Abyssal Knight on Nov 22, 2019.
             Was a Believer of Lugonu.
             Slain by Sigmund
             ... wielding a +0 scythe
              (5 damage)
             ... on level 2 of the Dungeon.
             The game lasted 00:04:46 (2003 turns).

Descartes the Skirmisher (Formicid Abyssal Knight)  Turns: 2003, Time: 00:04:47

Health: -2/37      AC:  6    Str: 16    XL:     4   Next: 92%
Magic:  6/6        EV:  9    Int: 13    God:    Lugonu [**....]
Gold:   108        SH:  0    Dex: 10    Spells: 5/5 levels left

rFire    . . .     SeeInvis +   a - +1 hand axe
rCold    . . .     Gourm    .   (no shield)
rNeg     . . .     Faith    .   f - +0 scale mail
rPois    .         Spirit   .   (helmet unavailable)
rElec    .         Reflect  .   (no cloak)
rCorr    .         Harm     .   (no gloves)
MR       .....                  (no boots)
Stlth    ..........             (no amulet)
HPRegen  0.12/turn              (no ring)
MPRegen  0.10/turn              (no ring)

@: no status effects
A: permanent stasis, dig shafts and tunnels, four strong arms, antennae 3
a: Dig, Shaft Self, Depart the Abyss, Bend Space, Renounce Religion


You were on level 2 of the Dungeon.
You worshipped Lugonu.
Lugonu was pleased with you.
You were not hungry.

You visited 1 branch of the dungeon, and saw 2 of its levels.
You visited the Abyss 1 time.

You collected 108 gold pieces.

Inventory:

Hand Weapons
 a - a +1 hand axe (weapon)
 e - a +0 mace of holy wrath
Missiles
 j - 14 poisoned darts (quivered)
 k - 24 stones
Armour
 b - a +0 leather armour
 f - a +0 scale mail (worn)
Scrolls
 d - a scroll of identify {unknown}
 g - 3 scrolls of amnesia {unknown}
 h - a scroll of magic mapping {unknown}
 i - a scroll of remove curse {unknown}
 l - 2 scrolls of teleportation {unknown}
Potions
 n - a potion of cancellation {unknown}
 o - a potion of flight {unknown}
Comestibles
 c - 6 rations
 p - 3 chunks of flesh


   Skills:
 + Level 4.0 Fighting
 + Level 2.5 Axes
 + Level 2.9 Armour
 + Level 1.5 Dodging
 + Level 1.0 Spellcasting
 + Level 3.0 Invocations


You had 5 spell levels left.
You didn't know any spells.
Your spell library was empty.

Dungeon Overview and Level Annotations

Branches:
Dungeon (2/15)

Altars:

Annotations:
D:2 Sigmund


Innate Abilities, Weirdness & Mutations

You cannot be hasted, slowed, berserked, paralysed or teleported.
You can dig through walls and to a lower floor.
Your four strong arms can wield two-handed weapons with a shield.
You have a pair of large antennae on your head. (SInv)


Message History

The puff of flame hits you. Sigmund gestures at you while chanting.
You resist with some effort.
You hit Sigmund.
Sigmund is moderately wounded.
Sigmund hits you with a +0 scythe!
* * * LOW HITPOINT WARNING * * *
You closely miss Sigmund.
Sigmund is moderately wounded.
Sigmund gestures at you while chanting. The puff of flame hits you!
* * * LOW HITPOINT WARNING * * *
Your scale mail prevents you from hitting Sigmund.
Sigmund is moderately wounded.
Sigmund gestures at you while chanting. You resist with some effort.
You hit Sigmund.
Sigmund is moderately wounded.
Sigmund hits you with a +0 scythe.
You die...

....
#.#
...#
#.#
...
#.#
..#
#.# ..
#.#
#.##.#
#..#.#
#@#.#
#@..#
##..#
#..#
#..#
##>#
###


You could see Sigmund (invisible).

Vanquished Creatures
  Robin (D:2)
  3 adders (D:2)
  2 dart slugs (D:2)
  A leopard gecko (D:2)
  4 giant cockroaches (D:1)
  5 goblins
  12 hobgoblins
  3 jackals (D:1)
  A ball python (D:2)
  5 bats
  A frilled lizard (D:2)
  7 kobolds (D:1)
  3 rats
48 creatures vanquished.

Notes
Turn   | Place    | Note
-------+----------+-------------------------------------------
     0 | Abyss:1  | Descartes the Formicid Abyssal Knight began the quest for
                  | the Orb.
     0 | Abyss:1  | Reached XP level 1. HP: 18/18 MP: 2/2
    16 | Abyss:1  | Found an ancient bone altar of Kikubaaqudgha.
    95 | Abyss:2  | Noticed a hellephant
    96 | Abyss:2  | Noticed a vampire
    96 | Abyss:2  | Noticed a wretched star
    97 | D:1      | Escaped the Abyss
   275 | D:1      | Reached XP level 2. HP: 24/24 MP: 3/3
   310 | D:1      | Reached * piety under Lugonu
   400 | D:1      | Reached skill level 1 in Dodging
   466 | D:1      | Reached XP level 3. HP: 26/30 MP: 4/4
  1007 | D:2      | Noticed Robin
  1051 | D:2      | Reached XP level 4. HP: 28/37 MP: 4/6
  1067 | D:2      | Killed Robin
  1338 | D:2      | Reached skill level 1 in Spellcasting
  1556 | D:2      | Reached ** piety under Lugonu
  1564 | D:2      | Reached skill level 4 in Fighting
  1989 | D:2      | Noticed Sigmund
  2003 | D:2      | Slain by Sigmund

Levels and vault maps discovered:
D:1:      dpeg_arrival_line_fractal, layout_loops_ring
D:2:      layout_basic, first_ration, minmay_box_of_dots, uniq_robin,
          uniq_sigmund

Skill      XL: |  1  2  3  4 |
---------------+-------------+-----
Dodging        | 1 |  1.5
Spellcasting   | 1 |  1.0
Invocations    | 3 |  3.0
Fighting       | 4 |  4.0
Axes           | |  2.5
Armour         | |  2.9

Action                   |  1- 3 |  4- 6 || total
-------------------------+-------+-------++-------
Melee: Hand axe          |    98 |    83 ||   181
       Mace              |     3 |       ||     3
Invok: Depart the Abyss  |     1 |       ||     1
 Abil: Dig               |     2 |       ||     2
  Use: Potion            |       |     1 ||     1
  Eat: Chunk             |       |     4 ||     4
Armor: Scale mail        |    47 |    41 ||    88
       Leather armour    |     1 |       ||     1
Dodge: Dodged            |    62 |    45 ||   107
